Map: Acid Plant LE

Players

INnoVation - Winner!

  • Race: Terran Terran
  • Spawn Location: 5:00

Scarlett

  • Race: Zerg Zerg
  • Spawn Location: 11:00

Event: 2018 Hangzhou StarCraft Carnival

VOD

Have the link to the VOD?

Description

Time

  • Played on: April 29, 2018, 4:32 a.m.
  • Length: 12:11

All games in this series

Show
View Real Time Build Order
Export as new Build Order

INnoVation Terran - Winner!

Build Orders: Gas First Reaper Expand, Reaper Expand, Hellion Banshee, Mech 

Get SALT Encoding   

  12  0:00  SCV  
  13  0:12  SCV  
  14  0:17  Supply Depot  
  14  0:24  SCV  
  15  0:29  Refinery  
  15  0:38  SCV  
  16  0:44  Barracks  
  16  0:50  SCV  
  17  1:02  SCV  
  18  1:14  SCV  
  19  1:31  Reaper, Orbital Command  
  20  1:42  Command Center  
  20  1:54  Factory  
  20  1:57  SCV  
  21  2:05  Barracks Reactor  
  21  2:09  SCV  
  21  2:12  Supply Depot  
  21  2:15  Refinery  
  22  2:21  SCV  
  23  2:34  SCV  
  24  2:41  Starport  
  24  2:45  Hellion x2  
  24  2:46  SCV  
  29  2:53  Orbital Command  
  29  2:58  SCV  
  30  3:06  Hellion  
  30  3:07  Hellion  
  35  3:12  SCV  
  35  3:18  Medivac  
  35  3:19  SCV  
  38  3:25  SCV  
  39  3:31  Supply Depot, Hellion x2  
  43  3:37  Barracks Tech Lab, SCV  
  43  3:41  Armory  
  44  3:51  SCV x2  
  44  3:54  Supply Depot  
  46  3:56  Hellion  
  46  3:57  Hellion  
  46  4:00  Cloaking Field  
  50  4:04  Banshee  
  50  4:09  SCV  
  54  4:15  SCV  
  55  4:17  Supply Depot  
  55  4:19  Supply Depot  
  55  4:20  Hellion  
  57  4:25  SCV  
  57  4:27  SCV  
  57  4:28  Hellion  
  61  4:46  Hellion, Banshee  
  61  4:47  SCV x2  
  61  4:49  Hellion  
  68  4:57  Command Center  
  64  5:03  SCV x2  
  64  5:07  Refinery  
  60  5:08  Refinery  
  60  5:09  Hellion  
  60  5:11  Hellion  
  60  5:12  Terran Vehicle Weapons Level 1  
  62  5:16  SCV x2  
  63  5:24  Supply Depot  
  62  5:28  SCV x2  
  62  5:30  Cyclone  
  66  5:39  Barracks Tech Lab  
  66  5:40  SCV x2  
  66  5:41  Factory  
  68  5:44  Factory  
  66  5:51  Starport Tech Lab  
  66  5:52  SCV  
  66  5:53  SCV  
  66  6:01  Hellion  
  66  6:02  Hellion  
  64  6:04  SCV  
  64  6:05  SCV  
  66  6:17  SCV x2  
  68  6:21  Refinery  
  68  6:27  Armory, Refinery  
  68  6:29  SCV x2  
  70  6:33  Raven  
  70  6:37  Orbital Command  
  72  6:40  Siege Tank x2  
  72  6:41  SCV x2  
  72  6:43  Hellion x2  
  72  6:45  Infernal Pre-Igniter  
  81  6:52  Supply Depot  
  81  6:53  SCV x2  
  83  7:05  SCV x2, Supply Depot  
  83  7:07  SCV, Factory  
  90  7:09  Factory  
  90  7:10  Barracks Reactor  
  86  7:17  SCV x2  
  86  7:19  SCV  
  86  7:21  Terran Vehicle Weapons Level 2  
  86  7:22  Supply Depot  
  89  7:28  Factory Reactor, Supply Depot  
  89  7:29  SCV x2  
  91  7:31  Supply Depot  
  91  7:32  Terran Vehicle And Ship Armor Level 1  
  91  7:35  SCV  
  92  7:38  Command Center  
  92  7:41  SCV x2  
  92  7:42  Thor  
  100  7:48  Thor  
  106  7:56  SCV x3, Factory Tech Lab  
  109  7:59  Supply Depot  
  109  8:00  Supply Depot  
  109  8:01  Medivac x2  
  109  8:02  Engineering Bay  
  113  8:10  Hellion x3  
  113  8:11  Hellion  
  119  8:22  Siege Tank  
  119  8:25  Siege Tank  
  125  8:31  Siege Tank, Hellion x2  
  125  8:32  SCV x3, Hellion x2  
  139  8:38  Viking x2  
  135  8:51  Refinery  
  135  8:54  SCV x3  
  138  8:56  Siege Tank  
  138  8:57  Siege Tank, Refinery, Hellion x2  
  138  8:58  Hellion  
  138  9:00  Hellion  
  152  9:03  Siege Tank  
  152  9:06  Supply Depot  
  155  9:11  Viking x2  
  155  9:14  Planetary Fortress  
  159  9:18  SCV x3  
  160  9:25  Hellion  
  160  9:26  Hellion  
  160  9:27  Hellion  
  160  9:28  Siege Tank  
  160  9:31  Hellion  
  171  9:35  Supply Depot  
  171  9:36  Supply Depot  
  171  9:45  Terran Vehicle And Ship Armor Level 2  
  171  9:47  Siege Tank  
  174  9:53  Siege Tank  
  174  9:55  Hellion  
  174  9:57  Hellion x3  
  185  10:03  Supply Depot  
  185  10:13  Siege Tank  
  188  10:15  Command Center  
  188  10:19  Siege Tank, Hellion  
  188  10:20  Hellion  
  195  10:25  Hellion x2  
  199  10:30  Viking  
  199  10:32  Viking  
  197  10:37  Factory  
  197  10:38  Factory  
  197  10:39  Factory  
  197  10:40  Siege Tank  
  197  10:43  Hellion x2  
  197  10:45  Siege Tank  
  196  11:06  Viking x2  
  177  11:25  Siege Tank x2  
  177  11:26  Siege Tank  
  177  11:27  Factory Reactor  
  177  11:28  Factory Tech Lab, Hellion x2  
  177  11:29  Hellion x2  
  177  11:32  Factory Tech Lab  
  160  11:36  Viking x2  
  158  11:45  Refinery  
  158  11:49  Refinery  
  170  11:59  Command Center  
  170  12:00  Starport x2  
  175  12:07  Command Center  
  168  12:08  Command Center  
Show
View Real Time Build Order
Export as new Build Order

Scarlett Zerg 

Build Orders: Hatch First 

Get SALT Encoding   

  12  0:00  Drone  
  13  0:12  Overlord  
  13  0:16  Drone  
  14  0:30  Drone x2  
  16  0:47  Hatchery  
  15  0:50  Drone  
  15  0:54  Drone  
  17  0:57  Drone  
  18  1:09  Extractor  
  17  1:13  Spawning Pool  
  17  1:16  Drone  
  17  1:20  Drone  
  18  1:28  Drone  
  19  1:38  Drone  
  20  1:48  Overlord  
  20  1:59  Queen x2  
  20  2:00  Zergling x2  
  25  2:09  Zergling x2  
  25  2:10  Drone, Metabolic Boost  
  25  2:14  Drone  
  28  2:21  Drone x2  
  30  2:35  Drone x2  
  32  2:39  Hatchery  
  32  2:44  Overlord  
  31  2:48  Drone  
  32  2:52  Drone  
  32  2:53  Drone  
  32  2:58  Queen  
  36  3:03  Drone  
  36  3:05  Drone  
  38  3:08  Drone x3  
  38  3:12  Drone  
  42  3:15  Overlord  
  42  3:18  Drone  
  43  3:22  Overlord  
  43  3:23  Drone  
  44  3:33  Queen x2  
  48  3:36  Zergling x2  
  48  3:38  Zergling x2, Extractor  
  48  3:41  Zergling x4  
  51  3:49  Drone x2  
  51  3:50  Overlord  
  51  3:52  Drone x2  
  55  3:56  Queen  
  55  4:02  Drone x2  
  59  4:05  Drone x2  
  61  4:11  Drone x2  
  61  4:15  Zergling x4  
  65  4:19  Zergling x2  
  64  4:28  Drone x5  
  69  4:34  Zergling x2  
  69  4:35  Drone x2  
  72  4:52  Zergling x4  
  67  4:53  Drone x5  
  67  4:54  Drone  
  67  4:56  Roach Warren  
  67  4:57  Evolution Chamber x2  
  69  5:05  Drone  
  69  5:06  Drone x4  
  69  5:07  Spore Crawler  
  69  5:10  Zergling x4  
  69  5:11  Queen  
  69  5:13  Spore Crawler  
  69  5:15  Queen x2  
  71  5:25  Zergling x4, Drone x3  
  71  5:32  Zergling x6  
  69  5:37  Zerg Ground Armor Level 1, Zerg Missile Weapons Level 1  
  69  5:40  Roach x2  
  69  5:51  Queen  
  69  5:54  Drone x4  
  71  6:01  Lair  
  65  6:05  Drone  
  65  6:06  Drone x2  
  67  6:12  Spore Crawler, Drone x2  
  67  6:15  Drone  
  68  6:20  Queen  
  68  6:24  Drone, Overlord  
  68  6:25  Drone  
  72  6:30  Extractor  
  71  6:33  Overlord x2  
  69  6:42  Overlord  
  69  6:43  Drone x5  
  69  6:45  Drone x2  
  76  6:52  Overlord  
  76  6:55  Drone, Overlord  
  76  6:57  Drone x3  
  76  6:59  Glial Reconstitution  
  76  7:00  Extractor, Hatchery, Overlord  
  76  7:01  Extractor, Overlord  
  78  7:05  Overlord  
  78  7:07  Drone x2  
  79  7:08  Drone  
  79  7:09  Extractor  
  79  7:12  Drone  
  79  7:13  Infestation Pit  
  79  7:14  Drone  
  79  7:15  Drone  
  81  7:18  Roach x2  
  81  7:21  Drone  
  86  7:24  Roach x2  
  86  7:26  Drone x2  
  92  7:32  Drone x3  
  92  7:33  Drone  
  95  7:37  Zerg Missile Weapons Level 2  
  95  7:38  Drone x2  
  95  7:44  Drone x5  
  99  7:45  Ravager x2  
  99  7:46  Ravager  
  99  7:48  Ravager x3  
  108  7:58  Drone x3  
  110  8:00  Drone x2  
  110  8:04  Zerg Ground Armor Level 2  
  113  8:09  Extractor  
  113  8:11  Roach  
  113  8:12  Roach x4  
  121  8:14  Extractor  
  121  8:17  Drone x7  
  124  8:23  Hive  
  124  8:28  Hydralisk Den  
  124  8:30  Drone x8  
  131  8:41  Drone x3  
  126  8:45  Drone x2  
  130  8:58  Roach x7, Hatchery  
  130  9:02  Overlord x2  
  141  9:12  Spine Crawler, Overlord x4  
  140  9:20  Roach x4  
  148  9:28  Overlord x2  
  148  9:29  Muscular Augments, Hydralisk x6  
  160  9:32  Overlord x2  
  160  9:43  Viper x4  
  160  9:45  Overlord x3  
  172  10:00  Spine Crawler  
  172  10:02  Viper x2  
  172  10:06  Hatchery  
  176  10:12  Spire, Hydralisk x2  
  179  10:24  Hydralisk x3  
  182  10:38  Hydralisk x6  
  182  10:40  Grooved Spines  
  192  10:45  Spine Crawler x2  
  190  10:53  Roach  
  190  10:54  Roach x5  
  180  11:05  Roach x10  
  131  11:34  Viper x3  
  131  11:38  Roach x4  
  138  11:42  Roach x3  
  138  11:43  Roach  
  138  11:47  Roach x4  
  148  11:50  Roach x3  
Tags
 
Add a new tag
Caveats
  • Supply blocks, unpowered buildings, or Contaminate may cause inaccurate times.
  • Supply counts are checked every 10 seconds.